Devils vs Canucks

Created - 14 février 2020 at 22:00

Goals
1 2 3 OT1 SO T
Devils 2 0 1 0 1 4
Canucks 0 1 2 0 0 3
Shots
1 2 3 OT1 SO T
Devils 17 8 16 1 3 42
Canucks 5 10 12 4 3 31

1st period

1. Devils , Anze Kopitar 17 (Jeff Skinner 36, Jared Spurgeon 20) at 3:02 (PP)
2. Devils , Jeff Skinner 11 (Anze Kopitar 27) at 3:26 (PP)

Penalties :
Alex Killorn (VAN) for Slashing (Double Minor) at 2:35

2nd period

3. Canucks , Blake Wheeler 16 (Darnell Nurse 17) at 6:24

Penalties :
Jared Spurgeon (NJD) for Cross-checking (Minor) at 18:14

3rd period

4. Canucks , Dominik Kubalik 11 (Derek Ryan 13, Brandon Tanev 10) at 0:54
5. Canucks , Gustav Nyquist 14 (Ryan Getzlaf 22, Alex Tuch 25) at 14:20
6. Devils , Kyle Turris 12 (Neal Pionk 7, Sam Steel 14) at 18:09

Penalties :
Neal Pionk (NJD) for Hooking (Minor) at 5:48, Matt Calvert (VAN) for Slashing (Minor) at 10:56

Overtime #1

No Goal

Penalties :
No Penalty

Shootout

Devils, Alex Goligoski - Stopped by Jordan Binnington
Canucks, Mika Zibanejad - Stopped by Sergei Bobrovsky
Devils, Anze Kopitar - Stopped by Jordan Binnington
Canucks, Blake Wheeler - Shot Misses the Net
Devils, Calvin de Haan - Goal!
Canucks, Jimmy Vesey - Stopped by Sergei Bobrovsky

Penalties :
No Penalty

Goalie Stats

Sergei Bobrovsky (NJD), 28 saves from 31 shots - (0,903), W, 26-13-6, 65:00 minutes
Jordan Binnington (VAN), 39 saves from 42 shots - (0,929), OTL, 15-1-2, 65:00 minutes

Players Stats for Devils

Player Name              G  A  P  +/- PIM S  H  SB GA TA FO     MP     PP MP  PK MP  
------------------------------------------------------------------------------------
Alex DeBrincat           0  0  0  -2  0   4  1  0  1  0  1/2    18:21   1:30   0:00 
Alex Goligoski           0  0  0  -2  0   0  2  3  0  0  0/0    16:53   0:47   1:34 
Anze Kopitar             1  1  2  -1  0   4  1  0  1  1  8/14   18:08   1:07   0:00 
Brandon Carlo            0  0  0   0  0   1  1  2  0  0  0/0    23:27   0:47   1:59 
Cal O'Reilly             0  0  0   0  0   0  1  0  0  0  3/6    10:05   0:00   1:30 
Calvin de Haan           0  0  0   0  0   2  0  2  0  0  0/0    22:32   0:00   2:33 
Dominik Kahun            0  0  0   1  0   1  1  0  1  0  1/1    12:18   0:24   0:00 
Jared Spurgeon           0  1  1  -1  2   1  1  1  1  0  0/0    24:01   2:03   1:07 
Jeff Skinner             1  1  2  -1  0   5  1  1  0  0  0/0    19:07   0:56   0:00 
Johnny Gaudreau          0  0  0  -2  0   6  0  2  0  0  0/0    17:40   1:30   0:00 
Kyle Turris              1  0  1   1  0   3  3  0  0  0  0/0    12:17   0:00   0:23 
Neal Pionk               0  1  1   0  2   3  0  1  0  3  0/0    21:01   0:00   0:43 
Patrice Bergeron         0  0  0  -2  0   6  2  0  1  0  19/31  17:40   1:30   0:00 
Pavel Buchnevich         0  0  0  -1  0   5  3  0  1  0  0/1    19:53   0:56   0:09 
Roope Hintz              0  0  0   0  0   0  1  1  1  1  1/7    12:57   0:24   1:30 
Sam Steel                0  1  1   1  0   1  0  0  0  0  3/9    16:24   0:13   2:13 
Torey Krug               0  0  0  -1  0   0  1  0  1  1  0/0    17:18   2:03   0:00 
Valtteri Filppula        0  0  0   0  0   0  1  1  0  0  1/3    10:58   0:00   2:11 

Players Stats for Canucks

Player Name              G  A  P  +/- PIM S  H  SB GA TA FO     MP     PP MP  PK MP  
------------------------------------------------------------------------------------
Alex Killorn             0  0  0   1  4   0  1  0  0  1  0/2    18:30   1:11   0:37 
Alex Tuch                0  1  1   1  0   2  2  0  0  0  0/1    19:18   2:14   0:00 
Blake Wheeler            1  0  1   1  0   1  1  1  1  0  0/1    22:26   2:32   0:16 
Brandon Tanev            0  1  1   0  0   5  3  0  1  0  0/0    12:28   0:54   1:06 
Dan Hamhuis              0  0  0   0  0   1  2  2  0  0  0/0    20:32   1:26   0:00 
Darnell Nurse            0  1  1   2  0   0  3  4  0  2  0/0    21:19   1:26   0:50 
Derek Ryan               0  1  1   0  0   1  2  0  0  0  3/11   12:09   1:39   0:00 
Dominik Kubalik          1  0  1   0  0   3  0  1  1  0  0/0    12:49   1:39   0:57 
Erik Cernak              0  0  0   0  0   1  0  1  0  0  0/0    15:31   0:00   0:50 
Erik Johnson             0  0  0   2  0   0  0  4  0  1  0/0    21:51   0:00   2:00 
Gustav Nyquist           1  0  1   1  0   5  2  0  0  1  0/1    19:37   1:48   0:00 
Jimmy Vesey              0  0  0   0  0   2  0  0  0  0  0/1    11:05   0:34   0:00 
Jordan Martinook         0  0  0   0  0   0  0  0  1  0  4/9    11:33   0:00   1:19 
Matt Calvert             0  0  0   0  2   1  0  0  0  1  0/1    10:40   0:00   0:22 
Mika Zibanejad           0  0  0   1  0   4  0  1  2  1  16/26  19:12   0:05   0:09 
Oscar Klefbom            0  0  0   0  0   3  0  0  0  0  0/0    25:21   0:07   2:00 
Quinn Hughes             0  0  0   0  0   0  1  2  0  1  0/0    17:14   2:25   0:00 
Ryan Getzlaf             0  1  1   1  0   2  0  0  0  0  14/21  20:33   1:50   0:54 

3 Stars

1 - Kyle Turris (NJD)
2 - Jeff Skinner (NJD)
3 - Darnell Nurse (VAN)

Power Play

Devils - 2 on 3 Attempt(s) - 66,67%
Canucks - 0 on 2 Attempt(s) - 0,00%

Penalty Kill

Devils - 2 on 2 Attempt(s) - 100,00% - Score 0 goal in Penalty Kill
Canucks - 1 on 3 Attempt(s) - 33,33% - Score 0 goal in Penalty Kill

Team Stat

Devils - Hits : 20 - Faceoff Wins : 37 - Blocked Shots : 14 - Penalty Minutes : 4
Canucks - Hits : 17 - Faceoff Wins : 37 - Blocked Shots : 16 - Penalty Minutes : 6

Official

Referees : Tim Peel and Kevin Pollock
Linesman : Bryan Pancich and Pierre Racicot

Game Notes

No Game Note

Finance

Level 1 -- Attendance: 5657 (94,28%) -- Ticket Income 537 415 $
Level 2 -- Attendance: 5000 (100,00%) -- Ticket Income 275 000 $
Level 3 -- Attendance: 1885 (94,25%) -- Ticket Income 56 550 $
Level 4 -- Attendance: 4000 (100,00%) -- Ticket Income 80 000 $
Luxury Box -- Attendance: 1000 (100,00%) -- Ticket Income 175 000 $
Game was played at the Green men Ice Stadium.
Total Attendance: 17542 (97,46%)
Total Ticket Income: 1 123 965 $
Other Income: 550 743 $
Total Income: 1 674 708 $

Devils

5 vs 5 Forward 
   Center                   Left Wing                Right Wing               Time % Phy DF OF 
 1 Patrice Bergeron         Johnny Gaudreau          Alex DeBrincat           34     0   1  4  
 2 Anze Kopitar             Pavel Buchnevich         Jeff Skinner             30     0   1  4  
 3 Sam Steel                Dominik Kahun            Kyle Turris              24     0   2  3  
 4 Cal O'Reilly             Valtteri Filppula        Roope Hintz              12     0   2  3  

5 vs 5 Defense 
   Defense                  Defense                                           Time % Phy DF OF 
 1 Jared Spurgeon           Brandon Carlo                                     37     0   2  3  
 2 Neal Pionk               Calvin de Haan                                    37     0   2  3  
 3 Torey Krug               Alex Goligoski                                    18     1   3  1  
 4 Jared Spurgeon           Alex Goligoski                                    8      1   3  1  

PowerPlay Forward 
   Center                   Left Wing                Right Wing               Time % Phy DF OF 
 1 Patrice Bergeron         Alex DeBrincat           Johnny Gaudreau          50     0   0  5  
 2 Anze Kopitar             Jeff Skinner             Pavel Buchnevich         50     0   0  5  

PowerPlay Defense
   Defense                  Defense                                           Time % Phy DF OF 
 1 Torey Krug               Jared Spurgeon                                    67     0   0  5  
 2 Alex Goligoski           Brandon Carlo                                     33     0   0  5  

Penalty Kill 4 Players Forward 
   Center                   Wing                     Time % Phy DF OF 
 1 Cal O'Reilly             Roope Hintz              45     1   4  0  
 2 Valtteri Filppula        Sam Steel                55     1   4  0  

Penalty Kill 4 Players Defense
   Defense                  Defense                  Time % Phy DF OF 
 1 Brandon Carlo            Calvin de Haan           55     1   4  0  
 2 Jared Spurgeon           Neal Pionk               45     1   4  0  

Penalty Kill - 3 Players Forward 
   Forward                                           Time % Phy DF OF 
 1 Valtteri Filppula                                 60     0   5  0  
 2 Cal O'Reilly                                      40     0   5  0  

Penalty Kill - 3 Players Defense
   Defense                  Defense                  Time % Phy DF OF 
 1 Calvin de Haan           Neal Pionk               59     1   4  0  
 2 Jared Spurgeon           Brandon Carlo            41     1   4  0  

4 vs 4 Forward 
   Center                   Wing                     Time % Phy DF OF 
 1 Patrice Bergeron         Johnny Gaudreau          50     0   1  4  
 2 Anze Kopitar             Alex DeBrincat           50     0   1  4  

4 vs 4 Defense
   Defense                  Defense                  Time % Phy DF OF 
 1 Torey Krug               Brandon Carlo            52     1   2  2  
 2 Jared Spurgeon           Alex Goligoski           48     1   2  2  

Last Minutes Offensive
   Center                   Left Wing                Right Wing               Defense                  Defense                  
   Patrice Bergeron         Pavel Buchnevich         Johnny Gaudreau          Torey Krug               Jared Spurgeon           

Last Minutes Defensive
   Center                   Left Wing                Right Wing               Defense                  Defense                  
   Anze Kopitar             Pavel Buchnevich         Cal O'Reilly             Neal Pionk               Brandon Carlo            

Goaltenders
Starting : Sergei Bobrovsky         
Backup : Jimmy Howard             

Extra Forwards
Normal : Anze Kopitar, Patrice Bergeron, Kyle Turris - PP : Anze Kopitar, Patrice Bergeron - PK : Kyle Turris
Extra Defensemen
Normal : Alex Goligoski, Brandon Carlo, Jared Spurgeon - PP : Jared Spurgeon - PK : Brandon Carlo, Jared Spurgeon
Penalty Shots
Alex Goligoski, Anze Kopitar, Calvin de Haan, Kyle Turris, Patrice Bergeron
Custom OT Lines Forwards
Roope Hintz, Pavel Buchnevich, Jeff Skinner, Sam Steel, Alex DeBrincat, Anze Kopitar, Patrice Bergeron, Cal O'Reilly, Kyle Turris, Johnny Gaudreau
Custom OT Lines Defensemen
Torey Krug, Brandon Carlo, Jared Spurgeon, Alex Goligoski, Neal Pionk

Scratches
Michael Del Zotto (Healthy)

Canucks

5 vs 5 Forward 
   Center                   Left Wing                Right Wing               Time % Phy DF OF 
 1 Mika Zibanejad           Blake Wheeler            Alex Tuch                33     0   0  5  
 2 Ryan Getzlaf             Gustav Nyquist           Alex Killorn             33     0   0  5  
 3 Derek Ryan               Dominik Kubalik          Brandon Tanev            17     0   2  1  
 4 Jordan Martinook         Jimmy Vesey              Matt Calvert             17     1   4  0  

5 vs 5 Defense 
   Defense                  Defense                                           Time % Phy DF OF 
 1 Darnell Nurse            Erik Johnson                                      36     0   5  0  
 2 Oscar Klefbom            Dan Hamhuis                                       36     0   5  0  
 3 Erik Cernak              Quinn Hughes                                      28     0   5  0  
 4 Erik Cernak              Quinn Hughes                                      0      0   5  0  

PowerPlay Forward 
   Center                   Left Wing                Right Wing               Time % Phy DF OF 
 1 Ryan Getzlaf             Gustav Nyquist           Alex Tuch                70     0   0  5  
 2 Derek Ryan               Dominik Kubalik          Alex Killorn             30     0   0  5  

PowerPlay Defense
   Defense                  Defense                                           Time % Phy DF OF 
 1 Blake Wheeler            Quinn Hughes                                      70     0   0  5  
 2 Darnell Nurse            Dan Hamhuis                                       30     0   0  5  

Penalty Kill 4 Players Forward 
   Center                   Wing                     Time % Phy DF OF 
 1 Alex Killorn             Brandon Tanev            50     1   4  0  
 2 Jordan Martinook         Matt Calvert             50     1   4  0  

Penalty Kill 4 Players Defense
   Defense                  Defense                  Time % Phy DF OF 
 1 Oscar Klefbom            Erik Johnson             70     1   4  0  
 2 Erik Cernak              Darnell Nurse            30     1   4  0  

Penalty Kill - 3 Players Forward 
   Forward                                           Time % Phy DF OF 
 1 Derek Ryan                                        60     0   5  0  
 2 Alex Killorn                                      40     0   5  0  

Penalty Kill - 3 Players Defense
   Defense                  Defense                  Time % Phy DF OF 
 1 Erik Johnson             Oscar Klefbom            60     0   5  0  
 2 Erik Cernak              Dan Hamhuis              40     0   5  0  

4 vs 4 Forward 
   Center                   Wing                     Time % Phy DF OF 
 1 Mika Zibanejad           Jimmy Vesey              50     1   2  2  
 2 Ryan Getzlaf             Blake Wheeler            50     1   2  2  

4 vs 4 Defense
   Defense                  Defense                  Time % Phy DF OF 
 1 Darnell Nurse            Dan Hamhuis              50     1   2  2  
 2 Erik Johnson             Oscar Klefbom            50     1   2  2  

Last Minutes Offensive
   Center                   Left Wing                Right Wing               Defense                  Defense                  
   Mika Zibanejad           Blake Wheeler            Alex Tuch                Dan Hamhuis              Darnell Nurse            

Last Minutes Defensive
   Center                   Left Wing                Right Wing               Defense                  Defense                  
   Alex Killorn             Brandon Tanev            Matt Calvert             Darnell Nurse            Erik Johnson             

Goaltenders
Starting : Jordan Binnington        
Backup : Ben Bishop               

Extra Forwards
Normal : Derek Ryan, Jimmy Vesey, Brandon Tanev - PP : Brandon Tanev, Jimmy Vesey - PK : Ryan Getzlaf
Extra Defensemen
Normal : Erik Cernak, Quinn Hughes, Erik Johnson - PP : Oscar Klefbom - PK : Dan Hamhuis, Darnell Nurse
Penalty Shots
Mika Zibanejad, Blake Wheeler, Jimmy Vesey, Brandon Tanev, Alex Tuch
Custom OT Lines Forwards
Mika Zibanejad, Blake Wheeler, Ryan Getzlaf, Gustav Nyquist, Alex Tuch, Alex Killorn, Derek Ryan, Brandon Tanev, Dominik Kubalik, Jordan Martinook
Custom OT Lines Defensemen
Oscar Klefbom, Erik Johnson, Darnell Nurse, Dan Hamhuis, Quinn Hughes

Scratches
Charlie McAvoy (Healthy), Jason Dickinson (Healthy)

% Time on Ice - Devils

Lines # - Real PCT - Wanted PCT - Time Play
Normal Forward
1 - 30% - 34% - 16:11
2 - 31% - 30% - 16:33
3 - 22% - 24% - 11:54
4 - 16% - 12% - 8:34
Normal Defense
1 - 37% - 37% - 19:31
2 - 37% - 37% - 19:48
3 - 21% - 18% - 11:25
4 - 5% - 8% - 2:28
PP Forward
1 - 61% - 50% - 1:43
2 - 39% - 50% - 1:07
PP Defense
1 - 72% - 67% - 2:03
2 - 28% - 33% - 0:47
PK Forward
1 - 38% - 45% - 1:30
2 - 62% - 55% - 2:28
PK Defense
1 - 50% - 55% - 1:59
2 - 50% - 45% - 1:59
PK3 Forward
1 - 0% - 60%
2 - 0% - 40%
PK3 Defense
1 - 0% - 59%
2 - 0% - 41%
44 Forward
1 - 0% - 50%
2 - 0% - 50%
44 Defense
1 - 0% - 52%
2 - 0% - 48%
Last Minute Offensive  - 0:00
Last Minute Defensive  - 0:00
Total
Forward - 60:00
Defense - 60:00

% Time on Ice - Canucks

Lines # - Real PCT - Wanted PCT - Time Play
Normal Forward
1 - 31% - 33% - 16:40
2 - 30% - 33% - 16:07
3 - 19% - 17% - 10:11
4 - 19% - 17% - 10:14
Normal Defense
1 - 36% - 36% - 19:25
2 - 36% - 36% - 19:06
3 - 27% - 28% - 14:26
4 - 0% - 0% - 0:15
PP Forward
1 - 58% - 70% - 2:19
2 - 42% - 30% - 1:39
PP Defense
1 - 64% - 70% - 2:32
2 - 36% - 30% - 1:26
PK Forward
1 - 39% - 50% - 1:06
2 - 61% - 50% - 1:44
PK Defense
1 - 71% - 70% - 2:00
2 - 29% - 30% - 0:50
PK3 Forward
1 - 0% - 60%
2 - 0% - 40%
PK3 Defense
1 - 0% - 60%
2 - 0% - 40%
44 Forward
1 - 0% - 50%
2 - 0% - 50%
44 Defense
1 - 0% - 50%
2 - 0% - 50%
Last Minute Offensive  - 0:00
Last Minute Defensive  - 0:00
Total
Forward - 60:00
Defense - 60:00

Play-by-Play

1st period


0:01 of 1st period - Patrice Bergeron wins face-off versus Mika Zibanejad in neutral zone.
0:44 of 1st period - Icing by Erik Johnson.
0:45 of 1st period - Derek Ryan wins face-off versus Sam Steel in Canucks zone.
1:10 of 1st period - Jordan Martinook is hit by Cal O'Reilly and loses puck.
2:13 of 1st period - Snap shot by Jeff Skinner.
2:13 of 1st period - Deflect By Anze Kopitar.
2:13 of 1st period - Shot Misses the Net.
2:13 of 1st period - Puck is out of play.
2:14 of 1st period - Anze Kopitar wins face-off versus Derek Ryan in Canucks zone.
2:26 of 1st period - Off-side.
2:27 of 1st period - Dominik Kahun wins face-off versus Ryan Getzlaf in neutral zone.
2:35 of 1st period - Double Minor Penalty to Alex Killorn for Slashing.
2:36 of 1st period - Ryan Getzlaf wins face-off versus Patrice Bergeron in Canucks zone.
2:44 of 1st period - Wrist shot by Alex DeBrincat.
2:44 of 1st period - Stopped by Jordan Binnington without a rebound.
2:45 of 1st period - Patrice Bergeron wins face-off versus Jordan Martinook in Canucks zone.
2:46 of 1st period - Wrist shot by Alex DeBrincat.
2:46 of 1st period - Stopped by Jordan Binnington without a rebound.
2:47 of 1st period - Jordan Martinook wins face-off versus Anze Kopitar in Canucks zone.
2:58 of 1st period - Snap shot by Jeff Skinner.
2:58 of 1st period - Shot Blocked by Erik Johnson.
3:00 of 1st period - Wrist shot by Jeff Skinner.
3:00 of 1st period - Shot Misses the Net.
3:02 of 1st period - Slapshot by Anze Kopitar.
3:02 of 1st period - Goal by Anze Kopitar - Devils : 1 - Canucks : 0.
3:03 of 1st period - Patrice Bergeron wins face-off versus Jordan Martinook in neutral zone.
3:07 of 1st period - Off-side.
3:08 of 1st period - Patrice Bergeron wins face-off versus Jordan Martinook in neutral zone.
3:20 of 1st period - Off-side.
3:21 of 1st period - Anze Kopitar wins face-off versus Ryan Getzlaf in neutral zone.
3:26 of 1st period - Snap shot by Jeff Skinner.
3:26 of 1st period - Goal by Jeff Skinner - Devils : 2 - Canucks : 0.
3:27 of 1st period - Mika Zibanejad wins face-off versus Anze Kopitar in neutral zone.
4:39 of 1st period - Wrist shot by Pavel Buchnevich.
4:39 of 1st period - Stopped by Jordan Binnington with a rebound.
4:43 of 1st period - Snap shot by Pavel Buchnevich.
4:43 of 1st period - Stopped by Jordan Binnington with a rebound.
4:45 of 1st period - Slapshot by Neal Pionk.
4:45 of 1st period - Shot Blocked by Erik Johnson.
4:53 of 1st period - Snap shot by Jeff Skinner.
4:53 of 1st period - Stopped by Jordan Binnington with a rebound.
4:55 of 1st period - Slapshot by Neal Pionk.
4:55 of 1st period - Deflect By Pavel Buchnevich.
4:55 of 1st period - Shot Misses the Net.
4:55 of 1st period - Puck is out of play.
4:56 of 1st period - Ryan Getzlaf wins face-off versus Sam Steel in Canucks zone.
5:21 of 1st period - Quinn Hughes is hit by Brandon Carlo and loses puck.
5:30 of 1st period - Snap shot by Mika Zibanejad.
5:30 of 1st period - Stopped by Sergei Bobrovsky without a rebound.
5:31 of 1st period - Cal O'Reilly wins face-off versus Ryan Getzlaf in Devils zone.
5:31 of 1st period - Cal O'Reilly is hit by Alex Killorn.
5:41 of 1st period - Wrist shot by Cal O'Reilly.
5:41 of 1st period - Shot Blocked by Dan Hamhuis.
6:08 of 1st period - Snap shot by Patrice Bergeron.
6:08 of 1st period - Stopped by Jordan Binnington with a rebound.
6:10 of 1st period - Slapshot by Alex Goligoski.
6:10 of 1st period - Shot Misses the Net.
6:47 of 1st period - Snap shot by Gustav Nyquist.
6:47 of 1st period - Stopped by Sergei Bobrovsky without a rebound.
6:48 of 1st period - Ryan Getzlaf wins face-off versus Patrice Bergeron in Devils zone.
7:59 of 1st period - Off-side.
8:00 of 1st period - Ryan Getzlaf wins face-off versus Cal O'Reilly in neutral zone.
8:39 of 1st period - Slapshot by Patrice Bergeron.
8:39 of 1st period - Stopped by Jordan Binnington with a rebound.
9:09 of 1st period - Erik Cernak is hit by Alex Goligoski and loses puck.
9:50 of 1st period - Oscar Klefbom is hit by Valtteri Filppula and loses puck.
10:15 of 1st period - Snap shot by Alex DeBrincat.
10:15 of 1st period - Stopped by Jordan Binnington with a rebound.
10:37 of 1st period - Snap shot by Sam Steel.
10:37 of 1st period - Shot Misses the Net.
10:43 of 1st period - Kyle Turris is hit by Brandon Tanev and loses puck.
11:06 of 1st period - Snap shot by Anze Kopitar.
11:06 of 1st period - Shot Misses the Net.
11:18 of 1st period - Snap shot by Oscar Klefbom.
11:18 of 1st period - Stopped by Sergei Bobrovsky without a rebound.
11:19 of 1st period - Cal O'Reilly wins face-off versus Jordan Martinook in Devils zone.
11:46 of 1st period - Slapshot by Patrice Bergeron.
11:46 of 1st period - Stopped by Jordan Binnington with a rebound.
11:48 of 1st period - Slapshot by Calvin de Haan.
11:48 of 1st period - Stopped by Jordan Binnington with a rebound.
11:50 of 1st period - Slapshot by Calvin de Haan.
11:50 of 1st period - Shot Misses the Net.
11:52 of 1st period - Snap shot by Calvin de Haan.
11:52 of 1st period - Deflect By Patrice Bergeron.
11:52 of 1st period - Shot Blocked by Mika Zibanejad.
11:52 of 1st period - Puck is out of play.
11:53 of 1st period - Ryan Getzlaf wins face-off versus Patrice Bergeron in Canucks zone.
11:58 of 1st period - Wrist shot by Alex Killorn.
11:58 of 1st period - Shot Hit the Post.
12:04 of 1st period - Wrist shot by Patrice Bergeron.
12:04 of 1st period - Shot Misses the Net.
13:38 of 1st period - Wrist shot by Johnny Gaudreau.
13:38 of 1st period - Shot Blocked by Erik Cernak.
14:18 of 1st period - Snap shot by Dominik Kahun.
14:18 of 1st period - Shot Misses the Net.
14:20 of 1st period - Snap shot by Dominik Kahun.
14:20 of 1st period - Shot Misses the Net.
14:56 of 1st period - Snap shot by Mika Zibanejad.
14:56 of 1st period - Stopped by Sergei Bobrovsky with a rebound.
14:58 of 1st period - Snap shot by Erik Johnson.
14:58 of 1st period - Shot Misses the Net.
15:00 of 1st period - Snap shot by Blake Wheeler.
15:00 of 1st period - Shot Misses the Net.
15:02 of 1st period - Slapshot by Oscar Klefbom.
15:02 of 1st period - Shot Blocked by Alex Goligoski.
15:23 of 1st period - Snap shot by Anze Kopitar.
15:23 of 1st period - Shot Misses the Net.
15:37 of 1st period - Snap shot by Pavel Buchnevich.
15:37 of 1st period - Shot Blocked by Darnell Nurse.
16:43 of 1st period - Snap shot by Brandon Tanev.
16:43 of 1st period - Stopped by Sergei Bobrovsky without a rebound.
16:44 of 1st period - Anze Kopitar wins face-off versus Mika Zibanejad in Devils zone.
17:33 of 1st period - Valtteri Filppula is hit by Darnell Nurse and loses puck.
18:05 of 1st period - Snap shot by Patrice Bergeron.
18:05 of 1st period - Stopped by Jordan Binnington with a rebound.
18:19 of 1st period - Slapshot by Ryan Getzlaf.
18:19 of 1st period - Deflect By Anze Kopitar.
18:19 of 1st period - Shot Misses the Net.
18:19 of 1st period - Puck is out of play.
18:20 of 1st period - Anze Kopitar wins face-off versus Ryan Getzlaf in Devils zone.
18:31 of 1st period - Slapshot by Jeff Skinner.
18:31 of 1st period - Stopped by Jordan Binnington without a rebound.
18:32 of 1st period - Alex DeBrincat wins face-off versus Mika Zibanejad in Canucks zone.
18:47 of 1st period - Snap shot by Johnny Gaudreau.
18:47 of 1st period - Stopped by Jordan Binnington with a rebound.
18:49 of 1st period - Wrist shot by Johnny Gaudreau.
18:49 of 1st period - Stopped by Jordan Binnington with a rebound.
19:31 of 1st period - Wrist shot by Anze Kopitar.
19:31 of 1st period - Stopped by Jordan Binnington with a rebound.
Goals for this period are 2 for Devils vs 0 for Canucks.
Shots for this period are 17 for Devils vs 5 for Canucks.

2nd period


0:01 of 2nd period - Mika Zibanejad wins face-off versus Alex DeBrincat in neutral zone.
0:14 of 2nd period - Alex DeBrincat is hit by Darnell Nurse and loses puck.
1:14 of 2nd period - Snap shot by Derek Ryan.
1:14 of 2nd period - Shot Blocked by Roope Hintz.
1:16 of 2nd period - Slapshot by Erik Cernak.
1:16 of 2nd period - Shot Misses the Net.
1:18 of 2nd period - Slapshot by Brandon Tanev.
1:18 of 2nd period - Stopped by Sergei Bobrovsky with a rebound.
1:20 of 2nd period - Slapshot by Quinn Hughes.
1:20 of 2nd period - Shot Misses the Net.
1:36 of 2nd period - Wrist shot by Johnny Gaudreau.
1:36 of 2nd period - Stopped by Jordan Binnington with a rebound.
1:38 of 2nd period - Slapshot by Neal Pionk.
1:38 of 2nd period - Stopped by Jordan Binnington with a rebound.
3:00 of 2nd period - Wrist shot by Alex Killorn.
3:00 of 2nd period - Shot Blocked by Valtteri Filppula.
3:02 of 2nd period - Wrist shot by Ryan Getzlaf.
3:02 of 2nd period - Shot Misses the Net.
3:04 of 2nd period - Slapshot by Erik Johnson.
3:04 of 2nd period - Shot Misses the Net.
3:14 of 2nd period - Torey Krug is hit by Darnell Nurse and loses puck.
3:27 of 2nd period - Icing by Alex Tuch.
3:28 of 2nd period - Mika Zibanejad wins face-off versus Patrice Bergeron in Canucks zone.
4:14 of 2nd period - Wrist shot by Jimmy Vesey.
4:14 of 2nd period - Stopped by Sergei Bobrovsky without a rebound.
4:15 of 2nd period - Sam Steel wins face-off versus Jimmy Vesey in Devils zone.
4:22 of 2nd period - Slapshot by Jared Spurgeon.
4:22 of 2nd period - Shot Misses the Net.
4:54 of 2nd period - Wrist shot by Pavel Buchnevich.
4:54 of 2nd period - Stopped by Jordan Binnington with a rebound.
6:22 of 2nd period - Slapshot by Blake Wheeler.
6:22 of 2nd period - Shot Misses the Net.
6:24 of 2nd period - Wrist shot by Blake Wheeler.
6:24 of 2nd period - Goal by Blake Wheeler - Devils : 2 - Canucks : 1.
6:25 of 2nd period - Patrice Bergeron wins face-off versus Blake Wheeler in neutral zone.
7:17 of 2nd period - Cal O'Reilly is hit by Brandon Tanev and loses puck.
7:39 of 2nd period - Slapshot by Jimmy Vesey.
7:39 of 2nd period - Shot Misses the Net.
7:41 of 2nd period - Wrist shot by Jimmy Vesey.
7:41 of 2nd period - Shot Misses the Net.
7:43 of 2nd period - Snap shot by Jordan Martinook.
7:43 of 2nd period - Deflect By Jimmy Vesey.
7:43 of 2nd period - Shot Misses the Net.
7:43 of 2nd period - Puck is out of play.
7:44 of 2nd period - Patrice Bergeron wins face-off versus Jordan Martinook in Devils zone.
7:55 of 2nd period - Wrist shot by Matt Calvert.
7:55 of 2nd period - Deflect By Alex DeBrincat.
7:55 of 2nd period - Shot Blocked by Alex Goligoski.
7:55 of 2nd period - Puck is out of play.
7:56 of 2nd period - Patrice Bergeron wins face-off versus Mika Zibanejad in Devils zone.
7:56 of 2nd period - Patrice Bergeron is hit by Blake Wheeler.
8:37 of 2nd period - Slapshot by Jeff Skinner.
8:37 of 2nd period - Shot Blocked by Quinn Hughes.
8:49 of 2nd period - Ryan Getzlaf is hit by Roope Hintz.
9:13 of 2nd period - Erik Johnson is hit by Kyle Turris and loses puck.
9:36 of 2nd period - Wrist shot by Blake Wheeler.
9:36 of 2nd period - Shot Blocked by Neal Pionk.
10:36 of 2nd period - Alex Tuch is hit by Kyle Turris and loses puck.
10:46 of 2nd period - Icing by Dominik Kahun.
10:47 of 2nd period - Jordan Martinook wins face-off versus Sam Steel in Devils zone.
10:48 of 2nd period - Snap shot by Jimmy Vesey.
10:48 of 2nd period - Stopped by Sergei Bobrovsky without a rebound.
10:49 of 2nd period - Patrice Bergeron wins face-off versus Ryan Getzlaf in Devils zone.
10:49 of 2nd period - Patrice Bergeron is hit by Gustav Nyquist.
10:59 of 2nd period - Wrist shot by Gustav Nyquist.
10:59 of 2nd period - Shot Misses the Net.
11:01 of 2nd period - Snap shot by Quinn Hughes.
11:01 of 2nd period - Shot Misses the Net.
11:03 of 2nd period - Snap shot by Ryan Getzlaf.
11:03 of 2nd period - Stopped by Sergei Bobrovsky with a rebound.
11:05 of 2nd period - Snap shot by Quinn Hughes.
11:05 of 2nd period - Shot Misses the Net.
11:20 of 2nd period - Wrist shot by Blake Wheeler.
11:20 of 2nd period - Deflect By Alex Tuch.
11:20 of 2nd period - Stopped by Sergei Bobrovsky without a rebound.
11:21 of 2nd period - Anze Kopitar wins face-off versus Mika Zibanejad in Devils zone.
11:30 of 2nd period - Snap shot by Jeff Skinner.
11:30 of 2nd period - Shot Misses the Net.
11:32 of 2nd period - Wrist shot by Pavel Buchnevich.
11:32 of 2nd period - Shot Misses the Net.
11:34 of 2nd period - Snap shot by Pavel Buchnevich.
11:34 of 2nd period - Shot Misses the Net.
12:20 of 2nd period - Slapshot by Jared Spurgeon.
12:20 of 2nd period - Shot Blocked by Dan Hamhuis.
13:07 of 2nd period - Wrist shot by Kyle Turris.
13:07 of 2nd period - Shot Blocked by Erik Johnson.
13:23 of 2nd period - Snap shot by Sam Steel.
13:23 of 2nd period - Shot Blocked by Darnell Nurse.
13:25 of 2nd period - Slapshot by Jared Spurgeon.
13:25 of 2nd period - Shot Blocked by Blake Wheeler.
13:27 of 2nd period - Slapshot by Brandon Carlo.
13:27 of 2nd period - Stopped by Jordan Binnington with a rebound.
13:29 of 2nd period - Wrist shot by Dominik Kahun.
13:29 of 2nd period - Stopped by Jordan Binnington with a rebound.
14:05 of 2nd period - Snap shot by Kyle Turris.
14:05 of 2nd period - Stopped by Jordan Binnington with a rebound.
14:07 of 2nd period - Snap shot by Jared Spurgeon.
14:07 of 2nd period - Deflect By Mika Zibanejad.
14:07 of 2nd period - Stopped by Jordan Binnington without a rebound.
14:08 of 2nd period - Patrice Bergeron wins face-off versus Alex Killorn in Canucks zone.
15:08 of 2nd period - Slapshot by Oscar Klefbom.
15:08 of 2nd period - Stopped by Sergei Bobrovsky without a rebound.
15:09 of 2nd period - Patrice Bergeron wins face-off versus Ryan Getzlaf in Devils zone.
15:09 of 2nd period - Patrice Bergeron is hit by Quinn Hughes.
15:14 of 2nd period - Off-side.
15:15 of 2nd period - Patrice Bergeron wins face-off versus Ryan Getzlaf in neutral zone.
15:46 of 2nd period - Erik Cernak is hit by Anze Kopitar.
15:53 of 2nd period - Wrist shot by Brandon Tanev.
15:53 of 2nd period - Stopped by Sergei Bobrovsky with a rebound.
16:10 of 2nd period - Roope Hintz is hit by Dan Hamhuis and loses puck.
16:52 of 2nd period - Wrist shot by Alex Killorn.
16:52 of 2nd period - Shot Blocked by Jeff Skinner.
17:08 of 2nd period - Snap shot by Dominik Kubalik.
17:08 of 2nd period - Stopped by Sergei Bobrovsky without a rebound.
17:09 of 2nd period - Derek Ryan wins face-off versus Cal O'Reilly in Devils zone.
17:31 of 2nd period - Icing by Jared Spurgeon.
17:32 of 2nd period - Ryan Getzlaf wins face-off versus Patrice Bergeron in Devils zone.
17:33 of 2nd period - Wrist shot by Gustav Nyquist.
17:33 of 2nd period - Stopped by Sergei Bobrovsky without a rebound.
17:34 of 2nd period - Ryan Getzlaf wins face-off versus Patrice Bergeron in Devils zone.
17:47 of 2nd period - Snap shot by Johnny Gaudreau.
17:47 of 2nd period - Shot Blocked by Darnell Nurse.
17:49 of 2nd period - Backhand shot by Alex Goligoski.
17:49 of 2nd period - Shot Blocked by Erik Johnson.
17:51 of 2nd period - Wrist shot by Patrice Bergeron.
17:51 of 2nd period - Deflect By Gustav Nyquist.
17:51 of 2nd period - Stopped by Jordan Binnington without a rebound.
17:52 of 2nd period - Mika Zibanejad wins face-off versus Anze Kopitar in Canucks zone.
17:52 of 2nd period - Mika Zibanejad is hit by Pavel Buchnevich.
17:58 of 2nd period - Jared Spurgeon is hit by Alex Tuch.
18:04 of 2nd period - Wrist shot by Blake Wheeler.
18:04 of 2nd period - Shot Blocked by Alex Goligoski.
18:14 of 2nd period - Minor Penalty to Jared Spurgeon for Cross-checking.
18:15 of 2nd period - Ryan Getzlaf wins face-off versus Valtteri Filppula in Devils zone.
18:30 of 2nd period - Slapshot by Ryan Getzlaf.
18:30 of 2nd period - Shot Misses the Net.
18:32 of 2nd period - Slapshot by Blake Wheeler.
18:32 of 2nd period - Shot Blocked by Brandon Carlo.
18:42 of 2nd period - Sam Steel is hit by Derek Ryan and loses puck.
19:12 of 2nd period - Icing by Darnell Nurse.
19:13 of 2nd period - Cal O'Reilly wins face-off versus Derek Ryan in Canucks zone.
Goals for this period are 0 for Devils vs 1 for Canucks.
Shots for this period are 8 for Devils vs 10 for Canucks.

3rd period


0:01 of 3rd period - Ryan Getzlaf wins face-off versus Valtteri Filppula in neutral zone.
0:06 of 3rd period - Slapshot by Blake Wheeler.
0:06 of 3rd period - Shot Misses the Net.
0:14 of 3rd period - Penalty to Jared Spurgeon is over, Jared Spurgeon is back on ice.
0:24 of 3rd period - Wrist shot by Dominik Kubalik.
0:24 of 3rd period - Stopped by Sergei Bobrovsky with a rebound.
0:26 of 3rd period - Slapshot by Dominik Kubalik.
0:26 of 3rd period - Deflect By Brandon Tanev.
0:26 of 3rd period - Stopped by Sergei Bobrovsky without a rebound.
0:27 of 3rd period - Patrice Bergeron wins face-off versus Derek Ryan in Devils zone.
0:54 of 3rd period - Snap shot by Dominik Kubalik.
0:54 of 3rd period - Goal by Dominik Kubalik - Devils : 2 - Canucks : 2.
0:55 of 3rd period - Ryan Getzlaf wins face-off versus Patrice Bergeron in neutral zone.
0:58 of 3rd period - Wrist shot by Gustav Nyquist.
0:58 of 3rd period - Shot Misses the Net.
1:00 of 3rd period - Slapshot by Dan Hamhuis.
1:00 of 3rd period - Shot Blocked by Johnny Gaudreau.
1:08 of 3rd period - Wrist shot by Ryan Getzlaf.
1:08 of 3rd period - Deflect By Patrice Bergeron.
1:08 of 3rd period - Stopped by Sergei Bobrovsky without a rebound.
1:09 of 3rd period - Mika Zibanejad wins face-off versus Anze Kopitar in Devils zone.
1:14 of 3rd period - Wrist shot by Mika Zibanejad.
1:14 of 3rd period - Shot Misses the Net.
1:33 of 3rd period - Icing by Oscar Klefbom.
1:34 of 3rd period - Mika Zibanejad wins face-off versus Patrice Bergeron in Canucks zone.
1:38 of 3rd period - Off-side.
1:39 of 3rd period - Patrice Bergeron wins face-off versus Alex Killorn in neutral zone.
1:44 of 3rd period - Wrist shot by Johnny Gaudreau.
1:44 of 3rd period - Stopped by Jordan Binnington with a rebound.
2:30 of 3rd period - Dan Hamhuis is hit by Jared Spurgeon and loses puck.
3:08 of 3rd period - Off-side.
3:09 of 3rd period - Ryan Getzlaf wins face-off versus Cal O'Reilly in neutral zone.
3:26 of 3rd period - Snap shot by Ryan Getzlaf.
3:26 of 3rd period - Deflect By Alex Killorn.
3:26 of 3rd period - Shot Misses the Net.
3:26 of 3rd period - Puck is out of play.
3:27 of 3rd period - Patrice Bergeron wins face-off versus Mika Zibanejad in Devils zone.
3:34 of 3rd period - Snap shot by Johnny Gaudreau.
3:34 of 3rd period - Shot Misses the Net.
3:38 of 3rd period - Snap shot by Patrice Bergeron.
3:38 of 3rd period - Stopped by Jordan Binnington with a rebound.
3:42 of 3rd period - Snap shot by Johnny Gaudreau.
3:42 of 3rd period - Deflect By Mika Zibanejad.
3:42 of 3rd period - Stopped by Jordan Binnington without a rebound.
3:43 of 3rd period - Anze Kopitar wins face-off versus Gustav Nyquist in Canucks zone.
3:52 of 3rd period - Wrist shot by Anze Kopitar.
3:52 of 3rd period - Deflect By Gustav Nyquist.
3:52 of 3rd period - Shot Misses the Net.
3:52 of 3rd period - Puck is out of play.
3:53 of 3rd period - Ryan Getzlaf wins face-off versus Anze Kopitar in Canucks zone.
4:28 of 3rd period - Slapshot by Gustav Nyquist.
4:28 of 3rd period - Shot Blocked by Jared Spurgeon.
5:24 of 3rd period - Snap shot by Pavel Buchnevich.
5:24 of 3rd period - Stopped by Jordan Binnington without a rebound.
5:25 of 3rd period - Mika Zibanejad wins face-off versus Patrice Bergeron in Canucks zone.
5:25 of 3rd period - Mika Zibanejad is hit by Patrice Bergeron.
5:38 of 3rd period - Slapshot by Neal Pionk.
5:38 of 3rd period - Shot Misses the Net.
5:48 of 3rd period - Minor Penalty to Neal Pionk for Hooking.
5:49 of 3rd period - Valtteri Filppula wins face-off versus Derek Ryan in Devils zone.
7:48 of 3rd period - Penalty to Neal Pionk is over, Neal Pionk is back on ice.
8:26 of 3rd period - Backhand shot by Sam Steel.
8:26 of 3rd period - Stopped by Jordan Binnington without a rebound.
8:27 of 3rd period - Sam Steel wins face-off versus Derek Ryan in Canucks zone.
8:44 of 3rd period - Matt Calvert is hit by Alex DeBrincat and loses puck.
8:55 of 3rd period - Snap shot by Patrice Bergeron.
8:55 of 3rd period - Shot Hit the Post.
9:07 of 3rd period - Snap shot by Jeff Skinner.
9:07 of 3rd period - Stopped by Jordan Binnington without a rebound.
9:08 of 3rd period - Ryan Getzlaf wins face-off versus Pavel Buchnevich in Canucks zone.
9:23 of 3rd period - Snap shot by Pavel Buchnevich.
9:23 of 3rd period - Shot Blocked by Quinn Hughes.
9:39 of 3rd period - Ryan Getzlaf is hit by Alex Goligoski and loses puck.
10:26 of 3rd period - Wrist shot by Pavel Buchnevich.
10:26 of 3rd period - Shot Misses the Net.
10:28 of 3rd period - Snap shot by Pavel Buchnevich.
10:28 of 3rd period - Stopped by Jordan Binnington without a rebound.
10:29 of 3rd period - Patrice Bergeron wins face-off versus Mika Zibanejad in Canucks zone.
10:45 of 3rd period - Wrist shot by Blake Wheeler.
10:45 of 3rd period - Shot Blocked by Johnny Gaudreau.
10:56 of 3rd period - Minor Penalty to Matt Calvert for Slashing.
10:57 of 3rd period - Jordan Martinook wins face-off versus Patrice Bergeron in Canucks zone.
11:08 of 3rd period - Snap shot by Patrice Bergeron.
11:08 of 3rd period - Shot Misses the Net.
11:36 of 3rd period - Jordan Martinook is hit by Patrice Bergeron and loses puck.
12:56 of 3rd period - Penalty to Matt Calvert is over, Matt Calvert is back on ice.
13:58 of 3rd period - Slapshot by Gustav Nyquist.
13:58 of 3rd period - Stopped by Sergei Bobrovsky without a rebound.
13:59 of 3rd period - Mika Zibanejad wins face-off versus Patrice Bergeron in Devils zone.
14:16 of 3rd period - Snap shot by Gustav Nyquist.
14:16 of 3rd period - Shot Misses the Net.
14:18 of 3rd period - Snap shot by Ryan Getzlaf.
14:18 of 3rd period - Shot Misses the Net.
14:20 of 3rd period - Slapshot by Gustav Nyquist.
14:20 of 3rd period - Goal by Gustav Nyquist - Devils : 2 - Canucks : 3.
14:21 of 3rd period - Patrice Bergeron wins face-off versus Mika Zibanejad in neutral zone.
14:26 of 3rd period - Wrist shot by Johnny Gaudreau.
14:26 of 3rd period - Shot Misses the Net.
14:28 of 3rd period - Slapshot by Calvin de Haan.
14:28 of 3rd period - Shot Blocked by Darnell Nurse.
14:30 of 3rd period - Snap shot by Johnny Gaudreau.
14:30 of 3rd period - Stopped by Jordan Binnington with a rebound.
14:32 of 3rd period - Wrist shot by Calvin de Haan.
14:32 of 3rd period - Stopped by Jordan Binnington without a rebound.
14:33 of 3rd period - Mika Zibanejad wins face-off versus Patrice Bergeron in Canucks zone.
14:37 of 3rd period - Off-side.
14:38 of 3rd period - Patrice Bergeron wins face-off versus Mika Zibanejad in neutral zone.
15:15 of 3rd period - Snap shot by Gustav Nyquist.
15:15 of 3rd period - Shot Blocked by Calvin de Haan.
15:31 of 3rd period - Wrist shot by Matt Calvert.
15:31 of 3rd period - Deflect By Anze Kopitar.
15:31 of 3rd period - Stopped by Sergei Bobrovsky with a rebound.
15:33 of 3rd period - Slapshot by Dan Hamhuis.
15:33 of 3rd period - Deflect By Pavel Buchnevich.
15:33 of 3rd period - Stopped by Sergei Bobrovsky without a rebound.
15:34 of 3rd period - Patrice Bergeron wins face-off versus Derek Ryan in Devils zone.
15:34 of 3rd period - Johnny Gaudreau is hit by Derek Ryan and loses puck.
15:49 of 3rd period - Slapshot by Brandon Tanev.
15:49 of 3rd period - Stopped by Sergei Bobrovsky with a rebound.
15:59 of 3rd period - Blake Wheeler is hit by Kyle Turris and loses puck.
16:08 of 3rd period - Slapshot by Erik Cernak.
16:08 of 3rd period - Stopped by Sergei Bobrovsky with a rebound.
16:10 of 3rd period - Snap shot by Mika Zibanejad.
16:10 of 3rd period - Stopped by Sergei Bobrovsky without a rebound.
16:11 of 3rd period - Patrice Bergeron wins face-off versus Matt Calvert in Devils zone.
16:38 of 3rd period - Sam Steel is hit by Brandon Tanev and loses puck.
16:47 of 3rd period - Wrist shot by Derek Ryan.
16:47 of 3rd period - Shot Misses the Net.
16:49 of 3rd period - Snap shot by Dominik Kubalik.
16:49 of 3rd period - Shot Blocked by Calvin de Haan.
16:59 of 3rd period - Slapshot by Neal Pionk.
16:59 of 3rd period - Stopped by Jordan Binnington with a rebound.
17:01 of 3rd period - Wrist shot by Pavel Buchnevich.
17:01 of 3rd period - Deflect By Anze Kopitar.
17:01 of 3rd period - Stopped by Jordan Binnington with a rebound.
17:03 of 3rd period - Wrist shot by Calvin de Haan.
17:03 of 3rd period - Shot Misses the Net.
17:05 of 3rd period - Wrist shot by Anze Kopitar.
17:05 of 3rd period - Stopped by Jordan Binnington without a rebound.
17:06 of 3rd period - Jordan Martinook wins face-off versus Anze Kopitar in Canucks zone.
17:06 of 3rd period - Jordan Martinook is hit by Pavel Buchnevich.
17:13 of 3rd period - Darnell Nurse is hit by Jeff Skinner and loses puck.
17:52 of 3rd period - Wrist shot by Jeff Skinner.
17:52 of 3rd period - Stopped by Jordan Binnington without a rebound.
17:53 of 3rd period - Derek Ryan wins face-off versus Sam Steel in Canucks zone.
17:53 of 3rd period - Derek Ryan is hit by Dominik Kahun.
18:03 of 3rd period - Snap shot by Kyle Turris.
18:03 of 3rd period - Stopped by Jordan Binnington with a rebound.
18:05 of 3rd period - Slapshot by Neal Pionk.
18:05 of 3rd period - Shot Blocked by Dominik Kubalik.
18:07 of 3rd period - Slapshot by Neal Pionk.
18:07 of 3rd period - Stopped by Jordan Binnington with a rebound.
18:09 of 3rd period - Wrist shot by Kyle Turris.
18:09 of 3rd period - Goal by Kyle Turris - Devils : 3 - Canucks : 3.
18:10 of 3rd period - Sam Steel wins face-off versus Derek Ryan in neutral zone.
19:04 of 3rd period - Icing by Erik Johnson.
19:05 of 3rd period - Mika Zibanejad wins face-off versus Sam Steel in Canucks zone.
19:36 of 3rd period - Jeff Skinner is hit by Alex Tuch and loses puck.
19:49 of 3rd period - Snap shot by Derek Ryan.
19:49 of 3rd period - Stopped by Sergei Bobrovsky without a rebound.
19:50 of 3rd period - Anze Kopitar wins face-off versus Derek Ryan in Devils zone.
19:50 of 3rd period - Anze Kopitar is hit by Dan Hamhuis.
19:58 of 3rd period - Jimmy Vesey is hit by Pavel Buchnevich and loses puck.
Goals for this period are 1 for Devils vs 2 for Canucks.
Shots for this period are 16 for Devils vs 12 for Canucks.

Overtime #1


0:01 of 1st overtime period - Mika Zibanejad wins face-off versus Roope Hintz in neutral zone.
0:08 of 1st overtime period - Wrist shot by Mika Zibanejad.
0:08 of 1st overtime period - Shot Misses the Net.
0:26 of 1st overtime period - Torey Krug is hit by Gustav Nyquist.
0:38 of 1st overtime period - Slapshot by Oscar Klefbom.
0:38 of 1st overtime period - Stopped by Sergei Bobrovsky without a rebound.
0:39 of 1st overtime period - Mika Zibanejad wins face-off versus Roope Hintz in Devils zone.
0:54 of 1st overtime period - Slapshot by Mika Zibanejad.
0:54 of 1st overtime period - Stopped by Sergei Bobrovsky without a rebound.
0:55 of 1st overtime period - Mika Zibanejad wins face-off versus Roope Hintz in Devils zone.
1:02 of 1st overtime period - Snap shot by Blake Wheeler.
1:02 of 1st overtime period - Shot Misses the Net.
1:50 of 1st overtime period - Wrist shot by Anze Kopitar.
1:50 of 1st overtime period - Deflect By Alex DeBrincat.
1:50 of 1st overtime period - Stopped by Jordan Binnington without a rebound.
1:51 of 1st overtime period - Anze Kopitar wins face-off versus Alex Tuch in Canucks zone.
2:06 of 1st overtime period - Snap shot by Torey Krug.
2:06 of 1st overtime period - Deflect By Alex DeBrincat.
2:06 of 1st overtime period - Shot Misses the Net.
2:06 of 1st overtime period - Puck is out of play.
2:07 of 1st overtime period - Mika Zibanejad wins face-off versus Roope Hintz in Canucks zone.
2:41 of 1st overtime period - Wrist shot by Gustav Nyquist.
2:41 of 1st overtime period - Deflect By Ryan Getzlaf.
2:41 of 1st overtime period - Shot Misses the Net.
2:41 of 1st overtime period - Puck is out of play.
2:42 of 1st overtime period - Mika Zibanejad wins face-off versus Roope Hintz in Devils zone.
2:51 of 1st overtime period - Wrist shot by Mika Zibanejad.
2:51 of 1st overtime period - Shot Misses the Net.
3:07 of 1st overtime period - Gustav Nyquist is hit by Torey Krug and loses puck.
3:18 of 1st overtime period - Slapshot by Oscar Klefbom.
3:18 of 1st overtime period - Shot Blocked by Brandon Carlo.
3:44 of 1st overtime period - Slapshot by Alex Tuch.
3:44 of 1st overtime period - Stopped by Sergei Bobrovsky without a rebound.
3:45 of 1st overtime period - Roope Hintz wins face-off versus Mika Zibanejad in Devils zone.
4:14 of 1st overtime period - Snap shot by Gustav Nyquist.
4:14 of 1st overtime period - Stopped by Sergei Bobrovsky without a rebound.
4:15 of 1st overtime period - Ryan Getzlaf wins face-off versus Sam Steel in Devils zone.
4:38 of 1st overtime period - Snap shot by Ryan Getzlaf.
4:38 of 1st overtime period - Deflect By Gustav Nyquist.
4:38 of 1st overtime period - Shot Misses the Net.
4:38 of 1st overtime period - Puck is out of play.
4:39 of 1st overtime period - Mika Zibanejad wins face-off versus Roope Hintz in Devils zone.
Goals for this period are 0 for Devils vs 0 for Canucks.
Shots for this period are 1 for Devils vs 4 for Canucks.

ShootOut


5:00 of 1st overtime period - Round #1.
5:00 of 1st overtime period - Devils, Alex Goligoski.
5:00 of 1st overtime period - Wrist shot by Alex Goligoski.
5:00 of 1st overtime period - Stopped by Jordan Binnington.
5:00 of 1st overtime period - Canucks, Mika Zibanejad.
5:00 of 1st overtime period - Deke by Mika Zibanejad.
5:00 of 1st overtime period - Stopped by Sergei Bobrovsky.
5:00 of 1st overtime period - Round #2.
5:00 of 1st overtime period - Devils, Anze Kopitar.
5:00 of 1st overtime period - Snap shot by Anze Kopitar.
5:00 of 1st overtime period - Stopped by Jordan Binnington.
5:00 of 1st overtime period - Canucks, Blake Wheeler.
5:00 of 1st overtime period - Deke by Blake Wheeler.
5:00 of 1st overtime period - Shot Misses the Net.
5:00 of 1st overtime period - Round #3.
5:00 of 1st overtime period - Devils, Calvin de Haan.
5:00 of 1st overtime period - Backhand shot by Calvin de Haan.
5:00 of 1st overtime period - Goal by Calvin de Haan.
5:00 of 1st overtime period - Canucks, Jimmy Vesey.
5:00 of 1st overtime period - Snap shot by Jimmy Vesey.
5:00 of 1st overtime period - Stopped by Sergei Bobrovsky. Output by the SimonT Hockey Simulator (STHS) for Eric Tremblay - Original Page W3C HTML5 Valid
Hockey Simulator - Hockey Simulation - Hockey Manager